cohdb
Replays
Latest Replays
All Replays
Popular Replays
Top Player Replays
Match Explorer
How It Works
Community
CoH3 Stats
Reddit
Sign in to upload your games and track your stats! →
Sign in with Steam
Same China man hacking as usual, still no consequences
Match 23621822
Overview
Messages
Build Orders
End
Construct Barracks
Selects Special Operations Battlegroup
Selects M29 Weasel Recon Vehicle
M29 Weasel Recon Vehicle
Riflemen Squad
Riflemen Squad
Riflemen Squad
Grenade Package
Infantry Support Center
Construct Medical Station
M1918 Browning Automatic Rifles
Munitions Surplus
Selects Raiding Flares
Selects SSF Commando Squad
Advanced Logistics
Raiding Flares
SSF Commando Squad
Survival Training
SSF Commando Squad
Construct Tank Depot
Raiding Flares
M4A1 Sherman Medium Tank
Selects P-47 Anti-Infantry Loiter
Engineer Squad
M18 Hellcat Tank Destroyer
SSF Commando Squad
M18 Hellcat Tank Destroyer
ConcernedApe
入台作战第一远征军
United
FLOKL
0
0
Comments
sign in to comment!
No comments posted yet!